[Event "ICC tourney 2376 (15 3)"]
[Site "Internet Chess Club"]
[Date "2021.02.06"]
[Round "5"]
[White "ZekeMc11"]
[Black "BobbyKnight"]
[Result "0-1"]
[ICCResult "White resigns"]
[WhiteElo "1044"]
[BlackElo "1343"]
[Opening "Sicilian: Richter-Rauzer"]
[ECO "B60"]
[NIC "SI.27"]
[Time "16:30:17"]
[PlyCount "60"]
[TimeControl "900+3"]

1. e4 c5 2. Nf3 d6 3. d4 cxd4 4. Nxd4 Nc6 5. Nc3 Nf6 6. Bg5 a6 7. Nxc6 bxc6
8. Bd3 e5 9. Qd2 Be7 10. O-O O-O 11. f4 h6 12. Bxf6 Bxf6 13. Kh1 Bb7 14.
Rad1 exf4 15. Rxf4 Bg5 16. Rdf1 Bxf4 17. Rxf4 Qg5 18. Qf2 Rae8 19. Rf5 Qc1+
20. Qf1 Qxb2 21. Ne2 Qxa2 22. Ng3 Qe6 23. Qf3 d5 24. e5 f6 25. Qg4 fxe5 26.
Nh5 g6 27. Rxe5 Qxg4 28. Nf6+ Rxf6 29. Rxe8+ Kf7 30. Bxg6+ Qxg6 { White
resigns } 0-1

[Event "ICC tourney 2376 (15 3)"]
[Site "Internet Chess Club"]
[Date "2021.02.06"]
[Round "5"]
[White "champ201566139"]
[Black "PranavNallapeta"]
[Result "1-0"]
[ICCResult "Black checkmated"]
[WhiteElo "264"]
[BlackElo "265"]
[Opening "Queen's pawn game, Darooha variation "]
[ECO "D02"]
[NIC "QP.08"]
[Time "16:30:28"]
[PlyCount "117"]
[TimeControl "900+3"]

1. d4 d5 2. Nf3 Nf6 3. Nc3 e6 4. Nxd5 exd5 5. Bg5 Nc6 6. Ne5 Nxe5 7. f4 c5
8. dxc5 Bxc5 9. fxe5 Ne4 10. Bxd8 Kxd8 11. g4 a6 12. Bh3 Bb4+ 13. c3 Bc5
14. Rf1 f5 15. gxf5 g6 16. fxg6 hxg6 17. Rf7 d4 18. cxd4 Bb4+ 19. Kf1 Bxh3+
20. Kg1 g5 21. Rxb7 Rc8 22. Rxb4 g4 23. Ra4 g3 24. hxg3 Nxg3 25. Rxa6 Rg8
26. Ra7 Nxe2+ 27. Kf2 Bg4 28. Rh7 Rf8+ 29. Ke3 Rf3+ 30. Ke4 Nf4 31. Rg7 Rd3
32. Qb1 Bh3 33. b4 Rd2 34. b5 Ne6 35. b6 Nxg7 36. b7 Bg2+ 37. Ke3 Bxb7 38.
Kxd2 Rb8 39. e6 Nxe6 40. Qe1 Nxd4 41. Qe3 Nf5 42. Qf4 Ne7 43. Qxb8+ Kd7 44.
Qxb7+ Ke6 45. Qb5 Kf6 46. Rh1 Nf5 47. Rc1 Ne7 48. Rc5 Kf7 49. Qb6 Ng6 50.
Rc7+ Ne7 51. Rxe7+ Kxe7 52. a3 Kd7 53. a4 Ke8 54. a5 Ke7 55. a6 Kd7 56. a7
Kc8 57. a8=Q+ Kd7 58. Qaa7+ Ke8 59. Qbb8# { Black checkmated } 1-0

[Event "ICC tourney 2376 (15 3)"]
[Site "Internet Chess Club"]
[Date "2021.02.06"]
[Round "5"]
[White "jhong3"]
[Black "GLatham"]
[Result "1-0"]
[ICCResult "Black checkmated"]
[WhiteElo "1071"]
[BlackElo "440"]
[Opening "Three knights game"]
[ECO "C46"]
[NIC "KP.06"]
[Time "16:30:36"]
[PlyCount "99"]
[TimeControl "900+3"]

1. e4 e5 2. Nf3 Nc6 3. Nc3 Bc5 4. Bd3 d6 5. O-O Nf6 6. Qe2 O-O 7. a3 Ne7 8.
b4 Bb6 9. Bb2 c6 10. b5 Re8 11. a4 d5 12. exd5 Nexd5 13. bxc6 bxc6 14. Nxd5
cxd5 15. Bxe5 Ng4 16. Bb5 Bd7 17. Bxd7 Qxd7 18. d4 f6 19. Nd2 Nxe5 20. dxe5
Rxe5 21. Qd1 Rae8 22. Nf3 R5e6 23. c4 Rd6 24. Qc2 Rc8 25. Nd2 dxc4 26. Nxc4
Rdc6 27. Nxb6 axb6 28. Qb3+ Kh8 29. h3 Qa7 30. Qa3 Rc3 31. Rfc1 Rxc1+ 32.
Rxc1 Re8 33. Qb4 Qb8 34. Rc6 Qa7 35. Rxb6 h6 36. a5 Ra8 37. Rb5 Kh7 38.
Qe4+ Kh8 39. Qd5 Qc7 40. Qxa8+ Kh7 41. Qe4+ Kh8 42. a6 Qc1+ 43. Kh2 Qc7+
44. g3 Qa7 45. Qb7 Qxf2+ 46. Qg2 Qa7 47. Rb7 Qxa6 48. Rb8+ Kh7 49. Qc2+ g6
50. Qc7# { Black checkmated } 1-0

[Event "ICC tourney 2376 (15 3)"]
[Site "Internet Chess Club"]
[Date "2021.02.06"]
[Round "5"]
[White "McEntire87"]
[Black "brass60Six"]
[Result "1-0"]
[ICCResult "Black checkmated"]
[WhiteElo "1251"]
[BlackElo "1146"]
[Opening "Sicilian"]
[ECO "B50"]
[NIC "SI.01"]
[Time "16:30:31"]
[PlyCount "111"]
[TimeControl "900+3"]

1. e4 c5 2. Nf3 d6 3. Nc3 Nc6 4. Be2 Nf6 5. d3 e6 6. Bg5 Be7 7. O-O O-O 8.
a3 h6 9. Bh4 Re8 10. Bg3 e5 11. Qd2 Bf8 12. Bh4 Be7 13. Nd1 d5 14. exd5
Nxd5 15. Bg3 Bd6 16. c4 Nf6 17. Bh4 Be7 18. Bg3 Bd6 19. Nc3 Nd4 20. Nxd4
exd4 21. Bxd6 Qxd6 22. Nd1 Qe5 23. Bf3 Qc7 24. b4 Rb8 25. b5 b6 26. Bc6 Bd7
27. Bxd7 Qxd7 28. f3 Qe6 29. Ra2 Rb7 30. Nf2 Qe3 31. Qxe3 Rxe3 32. Rd2 Rbe7
33. Ne4 Nxe4 34. fxe4 Re8 35. Rf5 Re1+ 36. Kf2 Ra1 37. Rd5 Rxa3 38. Rd7 a6
39. bxa6 Rxa6 40. Kg3 Rb8 41. Rf2 Rf8 42. Kf4 Ra3 43. Rf3 Rb8 44. Ke5 f6+
45. Kf5 Kh7 46. Rg3 Rg8 47. Ke6 Kh8 48. Kd6 Rb3 49. Kc6 g6 50. Rf3 Rf8 51.
e5 f5 52. e6 Rf6 53. Kd5 b5 54. e7 Rd6+ 55. Kxd6 bxc4 56. e8=Q# { Black
checkmated } 1-0

[Event "ICC tourney 2376 (15 3)"]
[Site "Internet Chess Club"]
[Date "2021.02.06"]
[Round "5"]
[White "HulkBobster"]
[Black "mshr06"]
[Result "0-1"]
[ICCResult "White resigns"]
[WhiteElo "1330"]
[BlackElo "926"]
[Opening "Sicilian defense"]
[ECO "B40"]
[NIC "SI.43"]
[Time "16:30:27"]
[PlyCount "100"]
[TimeControl "900+3"]

1. e4 c5 2. Nf3 e6 3. Nc3 Nc6 4. Bb5 Qc7 5. O-O a6 6. Bxc6 Qxc6 7. Ne5 Qc7
8. d4 cxd4 9. Qxd4 Bc5 10. Nd5 exd5 11. Qxd5 d6 12. Ng4 Bxg4 13. Qg5 Bd4
14. c3 Be5 15. Qxg4 Nf6 16. Qxg7 Nxe4 17. Qg4 Nf6 18. Qf3 O-O-O 19. Bg5 Qe7
20. Rfe1 Qd7 21. Bxf6 Bxf6 22. Qxf6 Rhg8 23. g3 Rg6 24. Qd4 Rg4 25. Re4
Rxe4 26. Qxe4 Kb8 27. Re1 Ka8 28. Qe7 Qc8 29. Qxf7 Rf8 30. Qxh7 Qc5 31. Re2
Qg5 32. f4 Qc5+ 33. Kg2 Qc6+ 34. Qe4 d5 35. Qd4 Qd7 36. Re5 Qg4 37. Qxd5
Rg8 38. Rg5 Qe2+ 39. Kh3 Rh8+ 40. Rh5 Rxh5+ 41. Qxh5 Qxh5+ 42. Kg2 Qe2+ 43.
Kh3 Qxb2 44. f5 Qxa2 45. g4 a5 46. f6 Qf2 47. g5 Qf3+ 48. Kh4 a4 49. f7
Qxf7 50. Kg4 a3 { White resigns } 0-1

[Event "ICC tourney 2376 (15 3)"]
[Site "Internet Chess Club"]
[Date "2021.02.06"]
[Round "5"]
[White "sherwinrasekh"]
[Black "dpanoop"]
[Result "1-0"]
[ICCResult "Black checkmated"]
[WhiteElo "1103"]
[BlackElo "792"]
[Opening "Ruy Lopez: Berlin defense, Beverwijk variation"]
[ECO "C65"]
[NIC "RL.07"]
[Time "16:30:28"]
[PlyCount "103"]
[TimeControl "900+3"]

1. e4 e5 2. Nf3 Nc6 3. Bb5 Nf6 4. O-O Bc5 5. Nxe5 Nxe5 6. d4 Nc6 7. dxc5
Nxe4 8. Re1 Qe7 9. f3 Qxc5+ 10. Re3 Qxb5 11. Rxe4+ Ne7 12. Qe1 Qc5+ 13. Kh1
d5 14. Qe3 Qxe3 15. Rxe3 Be6 16. b3 O-O-O 17. Re1 d4 18. a4 Nf5 19. Na3
Rhe8 20. Bf4 Bd5 21. Nb5 Rxe1+ 22. Rxe1 Nd6 23. Nxd4 c5 24. Bxd6 Rxd6 25.
Nf5 g6 26. Nxd6+ Kc7 27. Ne4 Bxe4 28. Rxe4 Kd6 29. Kg1 Kd5 30. Re7 Kd4 31.
Rxb7 Kc3 32. Rc7 Kb4 33. Rxa7 Kc3 34. Rc7 Kd4 35. a5 Kd5 36. a6 Kd6 37.
Rxf7 Kc6 38. a7 Kb6 39. a8=Q Kb5 40. Qc8 Kb4 41. Rb7+ Kc3 42. Qxc5+ Kb2 43.
Ra7 Kb1 44. Qc3 h5 45. Qa1+ Kxc2 46. Ra2+ Kxb3 47. Qb2+ Kc4 48. Qd2 Kc5 49.
Ra3 Kc4 50. Rc3+ Kb5 51. Qb2+ Ka4 52. Ra3# { Black checkmated } 1-0

[Event "ICC tourney 2376 (15 3)"]
[Site "Internet Chess Club"]
[Date "2021.02.06"]
[Round "5"]
[White "Jake000"]
[Black "sanyamsho"]
[Result "1-0"]
[ICCResult "Black checkmated"]
[WhiteElo "759"]
[BlackElo "858"]
[Opening "Two knights defense"]
[ECO "C57"]
[NIC "KP.01"]
[Time "16:30:31"]
[PlyCount "107"]
[TimeControl "900+3"]

1. e4 e5 2. Nf3 Nc6 3. Bc4 Nf6 4. Ng5 d5 5. exd5 Nxd5 6. d3 Bc5 7. Qf3 O-O
8. Bxd5 Nb4 9. Bb3 h6 10. Nxf7 Nxc2+ 11. Kf1 Nxa1 12. Nxd8+ Nxb3 13. Qd5+
Kh7 14. f3 Nxc1 15. Qxc5 Rxd8 16. Qxc1 Rxd3 17. Ke2 Rd8 18. Qc2+ Kg8 19.
Rd1 Re8 20. Qxc7 e4 21. Rd8 exf3+ 22. Kf2 Kf8 23. Rxe8+ Kxe8 24. Qxg7 fxg2
25. Kxg2 a5 26. Qxh6 Ra6 27. Qh8+ Kd7 28. Qg7+ Kd6 29. Nc3 Be6 30. Qxb7 Rc6
31. Kg3 a4 32. Nb5+ Kd5 33. Qxc6+ Kxc6 34. Nd4+ Kd5 35. Nxe6 Kxe6 36. Kg4
Kd5 37. h4 Kc4 38. h5 Kd3 39. h6 Kc2 40. h7 Kxb2 41. h8=Q+ Kxa2 42. Qc3 Kb1
43. Qa3 Kc2 44. Qxa4+ Kc3 45. Qb5 Kd4 46. Qc6 Ke3 47. Qd5 Ke2 48. Qd4 Ke1
49. Qd3 Kf2 50. Qe4 Kf1 51. Qe3 Kg2 52. Qe2+ Kg1 53. Kh3 Kh1 54. Qd1# {
Black checkmated } 1-0

[Event "ICC tourney 2376 (15 3)"]
[Site "Internet Chess Club"]
[Date "2021.02.06"]
[Round "5"]
[White "Chess-knight"]
[Black "prajit5803"]
[Result "1-0"]
[ICCResult "Black checkmated"]
[WhiteElo "876"]
[BlackElo "1240"]
[Opening "Sicilian defense"]
[ECO "B20"]
[NIC "SI.48"]
[Time "16:30:28"]
[PlyCount "103"]
[TimeControl "900+3"]

1. e4 c5 2. Bc4 e6 3. Nc3 a6 4. a4 Nc6 5. Nf3 Nge7 6. O-O g6 7. d3 d5 8.
exd5 exd5 9. Bb3 Bg7 10. Bd2 O-O 11. a5 Nxa5 12. Nxd5 Nxb3 13. Nxe7+ Qxe7
14. cxb3 Bxb2 15. Rb1 Bg7 16. b4 b5 17. bxc5 Bb7 18. Bb4 Bc6 19. d4 Qd7 20.
Ne5 Qd5 21. Nxc6 Qxc6 22. d5 Qd7 23. c6 Qc7 24. Bxf8 Rxf8 25. Rc1 Rd8 26.
Rc5 Be5 27. Qe2 Bxh2+ 28. Kh1 Bd6 29. Rc3 Bf8 30. Rd3 Bg7 31. Rc1 Bh6 32.
d6 Rxd6 33. Rxd6 Bxc1 34. Qe8+ Kg7 35. Rd7 Qf4 36. Rxf7+ Qxf7 37. Qxf7+
Kxf7 38. c7 Bf4 39. c8=Q b4 40. Qxa6 b3 41. Qb7+ Kf6 42. Qxb3 Kg5 43. g3
Be5 44. f4+ Bxf4 45. gxf4+ Kxf4 46. Qf7+ Kg5 47. Qxh7 Kg4 48. Qxg6+ Kh4 49.
Kg1 Kh3 50. Kf2 Kh4 51. Kf3 Kh3 52. Qg3# { Black checkmated } 1-0

[Event "ICC tourney 2376 (15 3)"]
[Site "Internet Chess Club"]
[Date "2021.02.06"]
[Round "5"]
[White "Switchbored"]
[Black "shrishri"]
[Result "1-0"]
[ICCResult "Black checkmated"]
[WhiteElo "913"]
[BlackElo "400"]
[Opening "Giuoco Pianissimo"]
[ECO "C50"]
[NIC "IG.02"]
[Time "16:30:19"]
[PlyCount "107"]
[TimeControl "900+3"]

1. e4 e5 2. Nf3 Nc6 3. Bc4 Bc5 4. d3 Nf6 5. Bxf7+ Kxf7 6. O-O Re8 7. Nc3
Kg8 8. Bg5 Be7 9. a3 d6 10. Qd2 Be6 11. b4 h6 12. Bxh6 gxh6 13. Qxh6 Bf8
14. Qg6+ Bg7 15. Ng5 Qe7 16. f4 exf4 17. Rxf4 Ne5 18. Nd5 Nxg6 19. Nxe7+
Rxe7 20. Rf2 Bh6 21. Rxf6 Nf8 22. Rxh6 Bf7 23. Rf1 Kg7 24. Rhf6 Ba2 25. h4
Nh7 26. Nxh7 Kxh7 27. g4 Kg7 28. g5 Rf7 29. Rxf7+ Bxf7 30. Kg2 Rh8 31. Kg3
c5 32. bxc5 dxc5 33. Re1 Kf8 34. e5 Ke7 35. c3 b6 36. d4 cxd4 37. cxd4 a5
38. Rb1 Rb8 39. Kg4 b5 40. h5 b4 41. axb4 a4 42. g6 Be6+ 43. Kg5 a3 44. Ra1
Rxb4 45. Rxa3 Rxd4 46. Ra7+ Rd7 47. Rxd7+ Bxd7 48. h6 Kf8 49. Kf6 Kg8 50.
e6 Bb5 51. h7+ Kh8 52. Kg5 Bc4 53. Kh6 Bxe6 54. g7# { Black checkmated }
1-0

[Event "ICC tourney 2376 (15 3)"]
[Site "Internet Chess Club"]
[Date "2021.02.06"]
[Round "5"]
[White "BotanicalKnight"]
[Black "queen1234"]
[Result "0-1"]
[ICCResult "White resigns"]
[WhiteElo "1399"]
[BlackElo "1272"]
[Opening "Bishop's opening: Berlin defense"]
[ECO "C24"]
[NIC "IG.04"]
[Time "16:30:19"]
[PlyCount "46"]
[TimeControl "900+3"]

1. e4 e5 2. Bc4 Nf6 3. d3 d6 4. Nc3 Nc6 5. f4 Bg4 6. Qd2 exf4 7. Qxf4 Ne5
8. Bb3 c6 9. Nf3 Ng6 10. Qg3 Be7 11. O-O O-O 12. h3 Be6 13. Bd2 Nh5 14. Qh2
Qb6+ 15. Kh1 Rad8 16. g4 Nf6 17. Bxe6 fxe6 18. Ng5 Rfe8 19. Nxe6 Rc8 20.
Rab1 Nd7 21. Qf2 Qxf2 22. Rxf2 Bh4 23. Rf5 Rxe6 { White resigns } 0-1

[Event "ICC tourney 2376 (15 3)"]
[Site "Internet Chess Club"]
[Date "2021.02.06"]
[Round "5"]
[White "bonaparte1984"]
[Black "anseltrinidad"]
[Result "1-0"]
[ICCResult "Black resigns"]
[WhiteElo "1333"]
[BlackElo "1364"]
[Opening "Caro-Kann: exchange variation"]
[ECO "B13"]
[NIC "CK.02"]
[Time "16:30:20"]
[PlyCount "87"]
[TimeControl "900+3"]

1. e4 c6 2. d4 d5 3. exd5 cxd5 4. Bb5+ Bd7 5. Nc3 Bxb5 6. Nxb5 Qa5+ 7. Nc3
Nf6 8. Bd2 Qb6 9. Nf3 Nc6 10. Na4 Qb5 11. Nc3 Qb6 12. Na4 Qc7 13. Nc3 e6
14. a3 Qb6 15. Na4 Qc7 16. Nc3 Bd6 17. h3 Qb6 18. Na4 Qa6 19. Nc3 Qc4 20.
b3 Qa6 21. Be3 b5 22. Qd3 Rb8 23. O-O Qb6 24. Ne5 Bxe5 25. dxe5 Nxe5 26.
Bxb6 Nxd3 27. Bxa7 Rc8 28. Nxb5 Rxc2 29. Nd4 O-O 30. Nxc2 Ra8 31. Be3 e5
32. b4 e4 33. a4 Rc8 34. Ra2 Rd8 35. b5 Rb8 36. b6 Nd7 37. a5 h6 38. Rb1 g5
39. a6 N3c5 40. Bxc5 Nxc5 41. a7 Ra8 42. b7 Nxb7 43. Rxb7 Kg7 44. Rb8 {
Black resigns } 1-0

[Event "ICC tourney 2376 (15 3)"]
[Site "Internet Chess Club"]
[Date "2021.02.06"]
[Round "5"]
[White "jrcrawford512"]
[Black "PsychonautYogi"]
[Result "1-0"]
[ICCResult "Black forfeits on time"]
[WhiteElo "1219"]
[BlackElo "1103"]
[Opening "QGD: Ragozin variation"]
[ECO "D38"]
[NIC "NI.27"]
[Time "16:30:22"]
[PlyCount "61"]
[TimeControl "900+3"]

1. Nf3 Nf6 2. d4 d5 3. c4 e6 4. Nc3 Bb4 5. e3 Bxc3+ 6. bxc3 Ne4 7. Qc2 Nc6
8. Ba3 Bd7 9. Bd3 Ng5 10. Nxg5 Qxg5 11. O-O Na5 12. cxd5 exd5 13. e4 Bh3
14. f4 Qg6 15. exd5 Qg4 16. Rae1+ Kd8 17. Rf3 Qh4 18. Rxh3 Qxe1+ 19. Bf1
Nc4 20. Bc1 Re8 21. f5 Ne3 22. Bxe3 Rxe3 23. Rxh7 Re2 24. Qxe2 Qxe2 25.
Bxe2 Kd7 26. Rxg7 Kd6 27. c4 Re8 28. Kf2 Re4 29. Rxf7 Rxd4 30. g4 a5 31. g5
{ Black forfeits on time } 1-0

[Event "ICC tourney 2376 (15 3)"]
[Site "Internet Chess Club"]
[Date "2021.02.06"]
[Round "5"]
[White "advaysoria"]
[Black "Barnstorm"]
[Result "1-0"]
[ICCResult "Black forfeits on time"]
[WhiteElo "660"]
[BlackElo "1233"]
[Opening "English: symmetrical variation"]
[ECO "A36"]
[NIC "EO.64"]
[Time "16:30:31"]
[PlyCount "93"]
[TimeControl "900+3"]

1. c4 c5 2. Nc3 Nc6 3. g3 d6 4. Bg2 Nf6 5. e4 e5 6. d3 Be7 7. Nf3 Bg4 8.
O-O O-O 9. Ne2 a5 10. Be3 Qb6 11. Qb3 Qc7 12. Kh1 Bxf3 13. Bxf3 Nd4 14.
Bxd4 cxd4 15. Bg2 Rab8 16. f4 Ng4 17. fxe5 dxe5 18. Bh3 Ne3 19. Rf2 Qd6 20.
Qb5 b6 21. a3 Qh6 22. Bg2 Qg5 23. b4 axb4 24. axb4 Nxg2 25. Rxg2 f6 26. Ra7
Rfe8 27. Rf2 Qe3 28. Qd5+ Kh8 29. Kg2 Qxd3 30. c5 bxc5 31. bxc5 Rb2 32. Nc1
Qc3 33. Rxb2 Qxb2+ 34. Ne2 Qxe2+ 35. Kh3 Qf1+ 36. Kg4 f5+ 37. exf5 d3 38.
Rxe7 Qe2+ 39. Kg5 Qe3+ 40. Kh4 Qh6+ 41. Kg4 Rf8 42. Rxe5 g6 43. Qxd3 Qh5+
44. Kf4 g5+ 45. Ke4 Qg4+ 46. Ke3 Rxf5 47. Qxf5 { Black forfeits on time }
1-0

[Event "ICC tourney 2376 (15 3)"]
[Site "Internet Chess Club"]
[Date "2021.02.06"]
[Round "5"]
[White "leonlunachen"]
[Black "Roy123"]
[Result "0-1"]
[ICCResult "White forfeits on time"]
[WhiteElo "1319"]
[BlackElo "919"]
[Opening "French: advance, Paulsen attack"]
[ECO "C02"]
[NIC "FR.03"]
[Time "16:30:16"]
[PlyCount "110"]
[TimeControl "900+3"]

1. e4 e6 2. d4 d5 3. e5 c5 4. c3 Nc6 5. Nf3 Nge7 6. a3 Ng6 7. Be2 Qb6 8. b4
cxb4 9. axb4 Be7 10. O-O O-O 11. b5 Na5 12. Nbd2 a6 13. bxa6 bxa6 14. Qa4
Nb7 15. Ba3 Bxa3 16. Qxa3 Nd8 17. Rfb1 Qc7 18. Qc1 a5 19. Nb3 a4 20. Nc5 a3
21. Rxa3 Rxa3 22. Qxa3 Nf4 23. Bf1 f6 24. Qa2 fxe5 25. Nxe5 Nf7 26. Nxf7
Rxf7 27. g3 Ng6 28. Bh3 Qe7 29. Qa8 Rf8 30. Bxe6+ Bxe6 31. Qc6 Bh3 32.
Qxd5+ Kh8 33. Qh5 Bd7 34. Kg2 Bc6+ 35. Kg1 Qf7 36. Rf1 Qf3 37. Qxf3 Bxf3
38. Rb1 h6 39. Re1 Kh7 40. c4 Rd8 41. Ne6 Re8 42. d5 Rc8 43. Rc1 Ne5 44. d6
Bg4 45. Nf4 Rxc4 46. Rxc4 Nxc4 47. f3 Bd7 48. Kf2 g5 49. Ne2 Kg6 50. f4
gxf4 51. Nxf4+ Kf5 52. Kf3 Nxd6 53. g4+ Kg5 54. h3 Nf7 55. Kg3 Ne5 { White
forfeits on time } 0-1

[Event "ICC tourney 2376 (15 3)"]
[Site "Internet Chess Club"]
[Date "2021.02.06"]
[Round "5"]
[White "DanilMcQuillin"]
[Black "MarcusB"]
[Result "1-0"]
[ICCResult "Black checkmated"]
[WhiteElo "1193"]
[BlackElo "1343"]
[Opening "QGD: 4.Nf3"]
[ECO "D37"]
[NIC "QI.01"]
[Time "16:30:25"]
[PlyCount "99"]
[TimeControl "900+3"]

1. c4 Nf6 2. d4 e6 3. Nf3 d5 4. Nc3 Nc6 5. g3 Bd6 6. Bg2 Bd7 7. Bg5 h6 8.
Bxf6 Qxf6 9. cxd5 exd5 10. Nxd5 Qe6 11. Nc3 O-O-O 12. d5 Qf6 13. dxc6 Bxc6
14. Qc2 Rhe8 15. O-O-O g5 16. e4 g4 17. Nd4 Be5 18. Nxc6 Qxc6 19. Rxd8+
Rxd8 20. Nd5 Qa6 21. Kb1 c6 22. Rd1 Kb8 23. Nb4 Rxd1+ 24. Qxd1 Qb6 25. Nd3
Bd4 26. Qxg4 Qb5 27. Qg8+ Kc7 28. Qxf7+ Kb6 29. Qb3 Qxb3 30. axb3 Kc7 31.
f4 Bg1 32. h3 Bh2 33. g4 Kd6 34. e5+ Ke6 35. Kc2 Kf7 36. Kc3 Bg1 37. b4 Be3
38. f5 Ke7 39. Nc5 b6 40. Nd3 c5 41. bxc5 bxc5 42. Kc4 Bd4 43. b3 a5 44.
Bd5 Kd7 45. Nxc5+ Ke7 46. f6+ Ke8 47. f7+ Kf8 48. Nd7+ Kg7 49. f8=Q+ Kh7
50. Qg8# { Black checkmated } 1-0

[Event "ICC tourney 2376 (15 3)"]
[Site "Internet Chess Club"]
[Date "2021.02.06"]
[Round "5"]
[White "NikitaR"]
[Black "ThatOneGuyNick"]
[Result "0-1"]
[ICCResult "White checkmated"]
[WhiteElo "166"]
[BlackElo "1121"]
[Opening "Four knights: Spanish, classical defense"]
[ECO "C48"]
[NIC "KP.03"]
[Time "16:30:14"]
[PlyCount "120"]
[TimeControl "900+3"]

1. e4 e5 2. Nf3 Nf6 3. Nc3 Nc6 4. Bb5 Bc5 5. h3 O-O 6. Bxc6 dxc6 7. Nxe5
Qd4 8. Nd3 Nxe4 9. O-O Nxc3 10. bxc3 Qd6 11. Nxc5 Qxc5 12. Qf3 Qf5 13. Qg3
Qg6 14. Qxg6 fxg6 15. d3 Bf5 16. Ba3 Rf7 17. Rfe1 Rd8 18. Rab1 b6 19. Rb4
c5 20. Rf4 Bd7 21. Rfe4 Kf8 22. d4 Bf5 23. R4e3 Kg8 24. dxc5 bxc5 25. Bxc5
h6 26. R1e2 a6 27. g4 Bd7 28. Be7 Re8 29. Kg2 Bb5 30. Re1 Bc6+ 31. Kg3 g5
32. h4 gxh4+ 33. Bxh4 Rxe3+ 34. Rxe3 g5 35. Bxg5 hxg5 36. Re1 Rf3+ 37. Kh2
Rxf2+ 38. Kh3 Rxc2 39. Re7 Rxc3+ 40. Kh2 Bb5 41. Re5 Rc2+ 42. Kg3 Rxa2 43.
Rxg5+ Kf7 44. Rf5+ Kg6 45. Kf4 Ra4+ 46. Ke5 Rxg4 47. Rf6+ Kg7 48. Kf5 Bd7+
49. Ke5 Rg5+ 50. Kd4 Kxf6 51. Kc4 Rb5 52. Kc3 a5 53. Kc4 a4 54. Kd4 a3 55.
Kc4 a2 56. Kd3 a1=Q 57. Kc4 Qa4+ 58. Kd3 Rb3+ 59. Kc2 Qa2+ 60. Kc1 Rb1# {
White checkmated } 0-1

[Event "ICC tourney 2376 (15 3)"]
[Site "Internet Chess Club"]
[Date "2021.02.06"]
[Round "5"]
[White "AditiE"]
[Black "e35378"]
[Result "0-1"]
[ICCResult "White forfeits on time"]
[WhiteElo "149"]
[BlackElo "1368"]
[Opening "French defense"]
[ECO "C11"]
[NIC "FR.04"]
[Time "16:30:41"]
[PlyCount "62"]
[TimeControl "900+3"]

1. e4 e6 2. d4 d5 3. Nc3 Nf6 4. Bf4 dxe4 5. Nb5 Bd6 6. Nc3 Bxf4 7. Bb5+ c6
8. Bc4 O-O 9. f3 exf3 10. Qxf3 Qxd4 11. Nh3 Bd2+ 12. Ke2 Bxc3 13. Qxc3 Qg4+
14. Kf2 Ne4+ 15. Ke3 Nxc3 16. bxc3 Qxc4 17. Kd2 Rd8+ 18. Kc1 Qxc3 19. Rb1
Qd2+ 20. Kb2 Qxg2 21. Rhg1 Qxh3 22. Rh1 e5 23. Rhe1 f6 24. Rbd1 Rxd1 25.
Rxd1 Bf5 26. Rd8+ Kf7 27. Rd6 Qxh2 28. a4 Qxc2+ 29. Ka3 Qc5+ 30. Kb3 Qxd6
31. a5 e4 { White forfeits on time } 0-1

[Event "ICC tourney 2376 (15 3)"]
[Site "Internet Chess Club"]
[Date "2021.02.06"]
[Round "5"]
[White "nb12"]
[Black "gravesal33"]
[Result "1-0"]
[ICCResult "Black checkmated"]
[WhiteElo "1220"]
[BlackElo "972"]
[Opening "Sicilian: Najdorf, 6...e6"]
[ECO "B95"]
[NIC "SI.04"]
[Time "16:30:23"]
[PlyCount "143"]
[TimeControl "900+3"]

1. e4 c5 2. Nf3 d6 3. d4 cxd4 4. Nxd4 Nf6 5. Nc3 a6 6. Bg5 e6 7. Bc4 Be7 8.
Bb3 b5 9. a3 Bb7 10. f3 O-O 11. O-O Qb6 12. Kh1 Nc6 13. Be3 Nxd4 14. Qxd4
Qxd4 15. Bxd4 e5 16. Be3 h6 17. Rfd1 Rac8 18. Rd2 Nd7 19. Nd5 Bxd5 20. Bxd5
Nc5 21. Rad1 Kh7 22. Ba2 Na4 23. c3 Nc5 24. Bxc5 dxc5 25. Rd7 Bg5 26. Rxf7
Rfd8 27. Rfd7 Rxd7 28. Rxd7 c4 29. Rd1 Bf4 30. g3 Bg5 31. Kg2 h5 32. h4 Bf6
33. Rd6 a5 34. Kf2 Kg8 35. Ke2 Kf7 36. Rd5 Rb8 37. b3 Ke7 38. bxc4 bxc4 39.
Bxc4 Rc8 40. Kd3 Rb8 41. Rxa5 Rb1 42. Rb5 Rg1 43. a4 Rxg3 44. Ke3 Rg1 45.
a5 Rc1 46. Kd2 Ra1 47. Rb7+ Kd8 48. a6 Be7 49. a7 Rxa7 50. Rxa7 Bxh4 51.
Rxg7 Bf6 52. Rh7 h4 53. Ke3 Ke8 54. f4 exf4+ 55. Kxf4 Bxc3 56. Rxh4 Bd2+
57. Kf5 Ke7 58. Rh7+ Kf8 59. e5 Bb4 60. Kf6 Ke8 61. Be6 Kd8 62. Bf5 Bc3 63.
Ke6 Bxe5 64. Kxe5 Ke8 65. Ke6 Kd8 66. Bh3 Kc8 67. Bf1 Kb8 68. Kd6 Kc8 69.
Rg7 Kb8 70. Kc6 Ka8 71. Kb6 Kb8 72. Rg8# { Black checkmated } 1-0

[Event "ICC tourney 2376 (15 3)"]
[Site "Internet Chess Club"]
[Date "2021.02.06"]
[Round "6"]
[White "GLatham"]
[Black "PokeyTurtle3454"]
[Result "1-0"]
[ICCResult "Black resigns"]
[WhiteElo "440"]
[BlackElo "598"]
[Opening "Queen's pawn: Charlick (Englund) gambit"]
[ECO "A40"]
[NIC "QO.17"]
[Time "17:47:56"]
[PlyCount "29"]
[TimeControl "900+3"]

1. d4 e5 2. Bf4 exd4 3. c3 dxc3 4. Nxc3 Nf6 5. e3 Bb4 6. Ne2 Nd5 7. Qxd5
O-O 8. g3 c6 9. Qd4 Qe7 10. Bg2 d6 11. O-O c5 12. Qd5 Be6 13. Qxb7 Nd7 14.
Qa6 Nb6 15. Bxa8 { Black resigns } 1-0

[Event "ICC tourney 2376 (15 3)"]
[Site "Internet Chess Club"]
[Date "2021.02.06"]
[Round "6"]
[White "drippy"]
[Black "HulkBobster"]
[Result "0-1"]
[ICCResult "White resigns"]
[WhiteElo "786"]
[BlackElo "1330"]
[Opening "Alekhine's defense"]
[ECO "B02"]
[NIC "AL.10"]
[Time "17:47:55"]
[PlyCount "22"]
[TimeControl "900+3"]

1. e4 Nf6 2. e5 Nd5 3. c4 Nb6 4. d4 d6 5. Nf3 Nc6 6. d5 Nxe5 7. Nxe5 dxe5
8. Bd3 e6 9. dxe6 Bxe6 10. b3 Qd4 11. Nc3 Qxc3+ { White resigns } 0-1

[Event "ICC tourney 2376 (15 3)"]
[Site "Internet Chess Club"]
[Date "2021.02.06"]
[Round "6"]
[White "champ201566139"]
[Black "AchyutE"]
[Result "0-1"]
[ICCResult "White checkmated"]
[WhiteElo "264"]
[BlackElo "474"]
[Opening "Queen's pawn game, Chigorin variation"]
[ECO "D02"]
[NIC "QP.08"]
[Time "17:48:00"]
[PlyCount "56"]
[TimeControl "900+3"]

1. d4 d5 2. Nf3 Nc6 3. Nc3 Bf5 4. e4 dxe4 5. Nxe4 Bxe4 6. Bd3 Bxd3 7. cxd3
Nxd4 8. Nxd4 Qxd4 9. O-O O-O-O 10. Re1 Nf6 11. Be3 Qxb2 12. Rb1 Qxa2 13.
Ra1 Qd5 14. Qa4 b6 15. Qxa7 e6 16. Qxb6 cxb6 17. Ra7 Rd7 18. Ra6 b5 19. Ra5
b4 20. Ra4 b3 21. Ra2 Qb5 22. Rb2 Ba3 23. Rbb1 b2 24. Rec1+ bxc1=Q+ 25.
Rxc1+ Bxc1 26. Bxc1 Rxd3 27. Ba3 Qb1+ 28. Bc1 Rd1# { White checkmated } 0-1

[Event "ICC tourney 2376 (15 3)"]
[Site "Internet Chess Club"]
[Date "2021.02.06"]
[Round "6"]
[White "prajit5803"]
[Black "JackDarden"]
[Result "1-0"]
[ICCResult "Black checkmated"]
[WhiteElo "1240"]
[BlackElo "360"]
[Opening "Queen's pawn: London system"]
[ECO "A45"]
[NIC "QP.07"]
[Time "17:47:56"]
[PlyCount "39"]
[TimeControl "900+3"]

1. d4 Nf6 2. Bf4 d5 3. e3 Nc6 4. c4 e6 5. a3 Bd6 6. Bg3 Bd7 7. Nc3 O-O 8.
Nf3 Re8 9. Ne5 Bxe5 10. dxe5 Ne4 11. Nxe4 dxe4 12. Qc2 f5 13. exf6 gxf6 14.
Qxe4 f5 15. Qf3 Kh8 16. Bd3 Qf6 17. Qe2 f4 18. Bxf4 e5 19. Qh5 exf4 20.
Qxh7# { Black checkmated } 1-0